Map: Grań Lerilaka

Players

Spectrum - Winner!

  • Race: Zerg Zerg

님들싸요안싸요

  • Race: Terran Terran

VOD

Have the link to the VOD?

Description

Time

  • Played on: Nov. 22, 2015, 11:52 p.m.
  • Length: 6:51
Show
View Real Time Build Order
Export as new Build Order

Spectrum Zerg - Winner!

Build Orders: Hatch First 

Get SALT Encoding   

  12  0:01  Drone  
  13  0:14  Overlord  
  13  0:18  Drone  
  14  0:32  Drone x2  
  16  0:40  Drone  
  17  0:54  Hatchery  
  17  0:55  Drone  
  17  0:58  Drone  
  17  1:02  Extractor  
  17  1:08  Drone  
  18  1:19  Drone  
  19  1:29  Drone  
  19  1:31  Spawning Pool  
  19  1:40  Overlord  
  19  1:51  Drone  
  20  2:13  Drone x3  
  23  2:18  Metabolic Boost, Queen  
  23  2:20  Queen  
  23  2:22  Drone  
  28  2:29  Drone x2  
  30  2:35  Drone  
  31  2:41  Overlord  
  31  2:46  Drone  
  31  2:49  Drone  
  33  2:55  Roach Warren  
  32  3:00  Drone x2  
  34  3:06  Zergling x2  
  34  3:09  Hatchery  
  34  3:17  Overlord  
  34  3:18  Overlord  
  34  3:35  Roach x5  
  34  3:37  Zergling x6  
  47  3:44  Zergling x2  
  48  3:53  Zergling x4  
  50  4:00  Ravager  
  50  4:01  Ravager  
  52  4:05  Zergling x4  
  52  4:08  Overlord  
  54  4:15  Zergling x12  
  59  4:24  Overlord  
  59  4:26  Ravager  
  59  4:29  Zergling x6  
  63  4:35  Zergling x4  
  63  4:36  Queen  
  67  4:39  Overlord  
  67  4:46  Zergling x8  
  67  4:47  Zergling x8  
  74  5:02  Zergling x8  
  76  5:26  Zergling x16  
  76  5:33  Lair  
  76  5:35  Overlord x2  
  76  6:13  Zergling x26  
  76  6:19  Overlord x2  
  76  6:22  Ravager  
Show
View Real Time Build Order
Export as new Build Order

님들싸요안싸요 Terran 

Build Orders:  

Get SALT Encoding   

  12  0:02  SCV  
  13  0:14  SCV  
  14  0:21  Supply Depot  
  14  0:26  SCV  
  15  0:43  SCV  
  15  0:44  Barracks  
  16  0:51  Refinery  
  16  0:55  SCV  
  17  1:07  SCV  
  18  1:19  SCV  
  19  1:32  Supply Depot  
  20  1:33  Marine  
  20  1:39  Orbital Command  
  20  1:51  Marine  
  21  2:02  Command Center  
  21  2:06  SCV  
  22  2:12  Barracks Reactor  
  22  2:18  Factory  
  22  2:26  SCV  
  23  2:38  SCV  
  23  2:39  Refinery  
  24  2:50  SCV  
  25  2:51  Marine x2  
  27  2:59  Supply Depot  
  27  3:02  SCV  
  28  3:07  Starport, Widow Mine  
  28  3:11  Marine  
  31  3:13  Marine  
  31  3:14  SCV  
  31  3:16  Orbital Command  
  33  3:42  Barracks Tech Lab  
  33  3:44  Hellion x2, Medivac  
  38  3:49  Orbital Command  
  38  3:50  SCV  
  38  3:54  Engineering Bay  
  39  4:04  Marine  
  40  4:15  Viking  
  40  4:16  Hellion  
  42  4:28  SCV x2  
  42  4:29  Refinery  
  44  4:39  Barracks  
  44  4:43  Barracks  
  39  5:01  Widow Mine x2  
Tags
 
Add a new tag
Caveats
  • Supply blocks, unpowered buildings, or Contaminate may cause inaccurate times.
  • Supply counts are checked every 10 seconds.